 Dungeon Sprint DCSS version 0.17-a0-1914-gde4187c (webtiles) character file.

2 esc the Shield-Bearer (level 1, 5/21 HPs)
             Began as a Deep Dwarf Fighter on Sept 26, 2015.
             Quit the game in the Dungeon (Sprint III: "The Ten Rune Challenge").
             The game lasted 00:01:11 (84 turns).

esc the Shield-Bearer (Deep Dwarf Fighter)            Turns: 84, Time: 00:01:11

Health: 5/21       AC:  6    Str: 19    XL:     1   Next: 33%
Magic:  1/1        EV:  7    Int:  8    God:
Gold:   0          SH:  9    Dex: 12    Spells: 0 memorised, 0 levels left

rFire  . . .     SeeInvis .     a - +0 flail
rCold  . . .     Clarity  .     b - +0 scale mail
rNeg   . . .     SustAt   .     c - +0 shield
rPois  .         Gourm    .     (no helmet)
rElec  .         Spirit   .     (no cloak)
rCorr  .         Warding  .     (no gloves)
rMut   .         NoTele   +     (no boots)
MR     .....                    (no amulet)
Stlth  ..........               (no ring)
                                (no ring)

@: non-regenerating, not resistant to hostile enchantments, extremely unstealthy
A: damage resistance, recharge devices, sense surroundings 1, slow healing 3
a: Device Recharging


You were in the Dungeon.
You were not hungry.

You visited 1 branch

Inventory:

Hand weapons
 a - a +0 flail (weapon)
Armour
 b - a +0 scale mail (worn)
 c - a +0 shield (worn)
Magical devices
 e - a wand of heal wounds (5)
Scrolls
 l - a scroll of blinking {!r}
Potions
 d - a potion of might
 g - 2 potions of curing
 h - a potion of heal wounds
 i - a potion of haste
 j - 2 potions of magic
 k - a potion of berserk rage {!q}
Comestibles
 f - a bread ration {@e1}
 m - 3 chunks of flesh {@w0}
 n - a meat ration {@e2}


   Skills:
 + Level 3.0 Fighting
 + Level 2.3 Maces & Flails
 + Level 3.5 Armour
 + Level 3.7 Shields


You couldn't memorise any spells.
You didn't know any spells.

Dungeon Overview and Level Annotations

Branches:
Dungeon (1/1)

Altars:


Innate Abilities, Weirdness & Mutations

You are resistant to damage.
You can recharge devices by infusing magical energy.
You passively map a small area around you.
You do not heal naturally.


Message History

Welcome, esc the Deep Dwarf Fighter.
Found a staircase leading out of the dungeon.
Unknown command.
A rat comes into view.
The rat bites you.
You take 2 damage, and have 18/20 hp.
You thump the rat!
You kill the rat!
A rat comes into view.
You see here a rat corpse.
You hit the rat but do no damage. The rat closely misses you.
You hit the rat. You block the rat's attack.
Your shield and scale mail prevent you from hitting the rat.
The rat bites you but does no damage. You block the rat's attack.
You sock the rat!
You kill the rat!
You see here a rat corpse.
You butcher the rat corpse.
m - a chunk of flesh {@w0} You see here a rat skeleton.
You see here a rat corpse.
You butcher the rat corpse.
m - 2 chunks of flesh {@w0} (gained 1)
You see here a rat skeleton.
g - 2 potions of curing (gained 1)
A rat comes into view.
The rat bites you but does no damage.
You closely miss the rat. You block the rat's attack.
You block the rat's attack.
Your shield prevents you from hitting the rat.
The rat barely misses you.
Your shield and scale mail prevent you from hitting the rat.
You block the rat's attack. x2
You hit the rat. The rat bites you but does no damage.
You barely miss the rat. The rat barely misses you.
Your scale mail prevents you from hitting the rat.
You block the rat's attack. The rat bites you but does no damage.
You sock the rat!
You kill the rat!
No target in view!
No target in view!
n - a meat ration {@e2} A rat comes into view.
The rat closely misses you.
You hit the rat.
You kill the rat!
Your Fighting skill increases to level 3!
You see here a rat corpse.
You butcher the rat corpse.
m - 3 chunks of flesh {@w0} (gained 1)
A human comes into view.
The human shouts!
You closely miss the human. The human barely misses you.
You closely miss the human. You block the human's attack.
You hit the human. The human completely misses you.
The human hits you but does no damage.
You miss the human. You block the human's attack.
You closely miss the human. The human hits you. You block the human's attack.
You take 2 damage, and have 16/21 hp.
You closely miss the human. The human hits you but does no damage.
You barely miss the human. The human hits you!
The human hits you but does no damage.
You take 7 damage, and have 9/21 hp.
MASSIVE DAMAGE!!
You closely miss the human. The human hits you.
You take 2 damage, and have 7/21 hp.
You hit the human. The human hits you.
* * * LOW HITPOINT WARNING * * *
You take 2 damage, and have 5/21 hp.
Unknown command.

▓..##.......#
▓##.##.##...# .# +
##.##.###..# ..#
▓#.####.##..# ...+,
,
▓.###..##..##*#...#
▓#.....##..# #....#
###÷.##...##.....#
##..##....#p.....#
* #..###..##@# ,
#..# #..#### _ ▓▓▓▓
▓▓▓▓* * * * ,, ≈ ≈
≈ , * *,,, ≈ ≈ ** *
≈≈ ≈ , ,, , * * ≈ ≈
≈ , ≈ ≈ * *


You could see a human.

Vanquished Creatures
  4 rats (D)
4 creatures vanquished.

Vanquished Creatures (others)
  A yaktaur (D)
1 creature vanquished.

Grand Total: 5 creatures vanquished

Notes
Turn   | Place    | Note
--------------------------------------------------------------
     0 | D        | esc the Deep Dwarf Fighter began the quest for the Orb.
     0 | D        | Reached XP level 1. HP: 20/20 MP: 1/1
    47 | D        | Killed a yaktaur
    61 | D        | Reached skill level 3 in Fighting
    83 | D        | HP: 5/21 [human (2)]
    84 | D        | Quit the game

Vault maps used:
D:        dungeon_sprint_mu

Action                   || total
-------------------------++-------
Melee: Flail             ||    22

Vault maps used:
D:        dungeon_sprint_mu

Table legend:
 A = Turns spent in this place as a percentage of turns spent in the entire game.
 B = Non-inter-level travel turns spent in this place as a percentage of non-inter-level travel turns spent in the entire game.
 C = Inter-level travel turns spent in this place as a percentage of turns spent in this place.
 D = Turns resting spent in this place as a percentage of non-inter-level travel turns spent in this place.
 E = Turns spent auto-exploring this place as a percentage of non-inter-level travel turns spent in this place.
 F = Non-inter-level travel turns spent in this place divided by the number of levels of this place that you've seen.
                   A       B       C       D       E      F
               +-------+-------+-------+-------+-------+----------------------
         Total | 100.0 | 100.0 |   0.0 |   0.0 |   0.0 |  86.0
       Dungeon | 100.0 | 100.0 |   0.0 |   0.0 |   0.0 |  86.0
               +-------+-------+-------+-------+-------+----------------------

Table legend:
 A = Kills in this place as a percentage of kills in entire the game.
 B = Kills by you in this place as a percentage of kills by you in the entire game.
 C = Kills by friends in this place as a percentage of kills by friends in the entire game.
 D = Other kills in this place as a percentage of other kills in the entire game.
 E = Experience gained in this place as a percentage of experience gained in the entire game.
 F = Experience gained in this place divided by the number of levels of this place that you have seen.
                   A       B       C       D       E      F
               +-------+-------+-------+-------+-------+----------------------
         Total | 100.0 | 100.0 |  -nan |  -nan | 100.0 |   4.0
       Dungeon | 100.0 | 100.0 |  -nan |  -nan | 100.0 |   4.0
               +-------+-------+-------+-------+-------+----------------------
